 Dungeon Crawl Stone Soup version 0.29-a0-721-g7f417c9bbb (webtiles) character file.

Game seed: 9969285325142086933

41 indigestion the Ducker (level 3, -2/25 HPs)
             Began as a Djinni Fire Elementalist on June 28, 2022.
             Slain by an orc wizard
             ... wielding a +0 dagger
              (4 damage)
             ... on level 2 of the Dungeon.
             The game lasted 00:05:25 (1689 turns).

indigestion the Ducker (Djinni Fire Elementalist)   Turns: 1689, Time: 00:05:27

Health: -2/25      AC:  4    Str:  5 (7)  XL:     3   Next: 75%
Gold:   62         EV: 12    Int: 16 (18) God:
                   SH:  0    Dex: 10 (13)

rFire   + + .      SeeInvis .   g - +2 whip (flame)
rCold   x . .      Faith    .   (no shield)
rNeg    . . .      Spirit   .   a - +0 robe
rPois   ∞          Reflect  .   (helmet restricted)
rElec   .          Harm     .   (no cloak)
rCorr   .          Rampage  .   (no gloves)
Will    .....      Rnd*Tele +   (boots unavailable)
Stlth   ++........              (no amulet)
HPRegen 0.08/turn               f - ring of wizardry
MPRegen 0.00/turn               (no ring)

@: flying
A: sickness immunity, fire resistance 2, cold vulnerability 1, float, innate
caster, HP casting, extra vitality 1, horns 1, iridescent scales 1, teleportitis
1
a: no special abilities


You were on level 2 of the Dungeon.
You visited 1 branch of the dungeon, and saw 3 of its levels.

You collected 62 gold pieces.

Inventory:

Hand Weapons
 g - a +2 whip of flaming (weapon)
 o - a +2 dagger of venom
Armour
 a - a +0 robe (worn)
 k - a +0 helmet
 n - a +3 scale mail
Jewellery
 f - a ring of wizardry (left hand)
Scrolls
 c - 3 scrolls of identify {unknown}
 e - a scroll of fear {unknown}
 i - a scroll of acquirement {unknown}
 j - a scroll of immolation {unknown}
 m - a scroll of enchant armour {unknown}
Potions
 b - a potion of degeneration
 d - a potion of curing {unknown}
 h - a potion of mutation
 l - a potion of resistance {unknown}


   Skills:
 - Level 3.0 Dodging
 - Level 2.0 Stealth
 + Level 3.0 Spellcasting


You couldn't memorise any spells.
You knew the following spells:

 Your Spells              Type           Power      Damage    Failure   Level
a - Foxfire               Conj/Fire      48%        2x1d6     2%          1
b - Scorch                Fire           24%        2d6       3%          2
c - Conjure Flame         Conj/Fire      12%        6-21      6%          3
d - Inner Flame           Hex/Fire       12%        N/A       6%          3
e - Flame Wave            Conj/Fire      12%        2d6       21%         4
f - Apportation           Tloc           24%        N/A       2%          1
Your spell library was empty.

Dungeon Overview and Level Annotations

Branches:
Dungeon (3/15)

Altars:
Ashenzari


Innate Abilities, Weirdness & Mutations

You are immune to sickness and miasma.
You are immune to poison.
Your flesh is very heat resistant. (rF++)
You are vulnerable to cold. (rC-)
You float through the air rather than walking.
You learn spells naturally, not from books.
Your magical power is your life essence.
You have superior vitality. (+4 MHP)
You have a pair of small horns on your head.
You are partially covered in iridescent scales. (AC +2)
You are occasionally teleported next to monsters.


Message History

The orc wizard barely misses you.
The orc wizard hits you with a +0 dagger.
The orc wizard casts a spell.
The orc wizard flickers and vanishes!
Deactivating autopickup; reactivate with Ctrl-A.
Something hits you but does no damage.
You feel less confused.
Casting: Foxfire (safe; 1% risk of failure)
Confirm with . or Enter, or press ? or * to list all spells.
You conjure some foxfire!
Something barely misses you.
You barely miss something.
The foxfire hits something but does no damage. x2
Something hits you.
Casting: Foxfire (safe; 1% risk of failure)
Confirm with . or Enter, or press ? or * to list all spells.
You conjure some foxfire!
Something hits you but does no damage.
You miss something.
The foxfire hits something. x2; Something hits you.
Casting: Foxfire (safe; 1% risk of failure)
Confirm with . or Enter, or press ? or * to list all spells.
You conjure some foxfire!
Something hits you.
* * * LOW HITPOINT WARNING * * *
You miss something.
The foxfire hits something.
The foxfire hits something but does no damage.
Something hits you.
* * * LOW HITPOINT WARNING * * *
You miss something. Something hits you but does no damage.
You closely miss something. Something hits you.
* * * LOW HITPOINT WARNING * * *
It was a potion of degeneration.
There was something very wrong with that liquid.
You feel weakened.
You feel dopey.
You feel clumsy. Something hits you.
* * * LOW HITPOINT WARNING * * *
It was a potion of mutation.
You feel extremely strange. A pair of horns grows on your head!
Your +0 helmet falls away!
Iridescent scales grow over part of your body.
You feel weirdly uncertain. Something hits you.
You die...

########........# #.#
#...........###.# #.#
#.#####.....# #.####.### #.#
#......# #.##.....# ####.#
##....## #.##...#.# ##.##.#
##...####.##..##.# ##...#.#
##.......##.....# ##......#
##.....######.#### #.......#
##...@{.>####...##
##....^.####.......).##.....#####
#.........'.........'...........
#......####.........#.......####
#...#..# ##.......##.......#
#..###.# ##.....####.....##
#......# ##...## ##....# ##.#####
##'## ####.# #.# #.# #.#


There were no monsters in sight!

Vanquished Creatures
  An adder (D:2)
  An orc (D:2)
  2 ball pythons (D:2)
  5 endoplasms
  A goblin (D:1)
  3 hobgoblins
  4 jackals (D:2)
  3 kobolds
  A quokka (D:2)
  3 bats
  3 rats
27 creatures vanquished.

Vanquished Creatures (others)
  51 foxfires
51 creatures vanquished.

Grand Total: 78 creatures vanquished

Notes
Turn   | Place    | Note
-------+----------+-------------------------------------------
     0 | D:1      | indigestion the Djinni Fire Elementalist began the quest
                  | for the Orb.
     0 | D:1      | indigestion set off with the following spells memorised:
                  | Foxfire, Scorch, Conjure Flame, Inner Flame, Flame Wave.
     0 | D:1      | Reached XP level 1. HP: 15/15 MP: 0/0
   214 | D:1      | Reached XP level 2. HP: 17/21 MP: 0/0
  1092 | D:2      | Reached XP level 3. HP: 21/25 MP: 0/0
  1092 | D:2      | Learned a level 1 spell: Apportation
  1667 | D:3      | Found a broken altar of Ashenzari.
  1689 | D:2      | Gained mutation: You have a pair of small horns on your
                  | head. [potion of mutation]
  1689 | D:2      | Gained mutation: You are partially covered in iridescent
                  | scales. (AC +2) [potion of mutation]
  1689 | D:2      | Gained mutation: You are occasionally teleported next to
                  | monsters. [potion of mutation]
  1689 | D:2      | Slain by an orc wizard

Illustrated notes

Levels and vault maps discovered:
D:1:      dpeg_arrival_pond, layout_loops_cross, eino_curves_02
D:2:      layout_loops_corners, minivault_19
D:3:      layout_rooms, overflow_temple_1_default,
          nicolae_ru_great_annihilating_truth,
          ebering_ecumenical_altar_abandoned, serial_aquarium,
          aquarium_bridge_square [aquarium_subvault_bridge,
          aquarium_subvault_bridge, aquarium_subvault_balcony,
          aquarium_subvault_wall], aquarium_window_2, aquarium_window_3,
          aquarium_view_2c, aquarium_pool_1

Skill      XL: |  1  2  3 |
---------------+----------+-----
Stealth        | 2 |  2.0
Dodging        | 3 |  3.0
Spellcasting   | 3 |  3.0

Action                   || total
-------------------------++-------
Melee: Whip              ||    15
       Dagger            ||     1
 Cast: Foxfire           ||    28
       Inner Flame       ||     1
  Use: Potion            ||     2
 Stab: Sleeping          ||     3
Armor: Robe              ||     8
Dodge: Dodged            ||    20

Table legend: (Time is in decaauts)
 A = Elapsed time spent in this place.
 B = Non-inter-level travel time spent in this place.
 C = Inter-level travel time spent in this place.
 D = Time resting spent in this place.
 E = Time spent auto-exploring this place.
 F = Levels seen in this place.
 G = Mean time per level.
                   A        B        C        D        E       F      G
               +--------+--------+--------+--------+--------+-----+--------+
         Total |   1689 |   1661 |     28 |     87 |   1367 |   3 |  563.0 |
       Dungeon |   1689 |   1661 |     28 |     87 |   1367 |   3 |  563.0 |
               +--------+--------+--------+--------+--------+-----+--------+

Top non-repeatable levels by time:
     D:2: 983 daAuts
     D:1: 703 daAuts
     D:3: 1 daAuts
